 Dungeon Crawl Stone Soup version 0.27-a0-401-gea03ee85fd (webtiles) character file.

Game seed: 7993333143857943732

178 racehazard the Skirmisher (level 5, -8/47 HPs)
             Began as a Hill Orc Fighter on Feb 21, 2021.
             Mangled by bmj180's ghost (9 damage)
             ... on level 3 of the Dungeon.
             The game lasted 00:11:11 (2799 turns).

racehazard the Skirmisher (Hill Orc Fighter)        Turns: 2799, Time: 00:11:11

Health: -8/47      AC:  7    Str: 20    XL:     5   Next: 58%
Magic:  5/5        EV:  7    Int:  8    God:
Gold:   133        SH:  9    Dex: 10    Spells: 4/4 levels left

rFire    . . .     SeeInvis .   q - +1 trident (flame)
rCold    . . .     Faith    .   c - +0 kite shield
rNeg     . . .     Spirit   .   b - +0 scale mail
rPois    .         Reflect  .   (no helmet)
rElec    .         Harm     .   (no cloak)
rCorr    .         Rampage  .   (no gloves)
Will     .....                  (no boots)
Stlth    ..........             (no amulet)
HPRegen  0.15/turn              (no ring)
MPRegen  0.09/turn              (no ring)

@: no status effects
A: no striking features
a: no special abilities


You were on level 3 of the Dungeon.
You visited 1 branch of the dungeon, and saw 3 of its levels.

You collected 133 gold pieces.

Inventory:

Hand Weapons
 a - a +0 war axe
 e - a +0 club
 g - a +0 hand axe
 i - a +0 dagger
 k - a +2 dagger of venom
 n - a +0 dagger
 p - a +0 club
 q - a +1 trident of flaming (weapon)
 s - a +0 club
 t - a +0 dagger of protection
 w - a +0 hunting sling
 y - a +0 club
 B - a +3 dagger
 C - a +0 dagger
 D - a +1 short sword of protection
Armour
 b - a +0 scale mail (worn)
 c - a +0 kite shield (worn)
 j - a +0 leather armour
 r - a +0 ring mail
Jewellery
 l - a +6 ring of intelligence {unknown}
 v - a ring of resist corrosion {unknown}
Wands
 E - a wand of flame (10)
Scrolls
 f - 2 scrolls of teleportation {unknown}
 m - 3 scrolls of identify {unknown}
 o - a scroll of random uselessness {unknown}
 u - a scroll of blinking {unknown}
 x - 3 scrolls of enchant weapon {unknown}
 G - a scroll of enchant armour {unknown}
 H - 2 scrolls of amnesia {unknown}
 I - a scroll of magic mapping {unknown}
Potions
 d - a potion of might
 h - 2 potions of heal wounds {unknown}
 z - a potion of haste {unknown}
 A - a potion of attraction {unknown}
 F - a potion of curing {unknown}


   Skills:
 + Level 4.3 Fighting
 + Level 3.8(4.5) Axes
 + Level 2.7(3.5) Polearms
 + Level 4.1 Armour
 + Level 0.6 Dodging
 + Level 4.0 Shields


You had 4 spell levels left.
You didn't know any spells.
Your spell library was empty.

Dungeon Overview and Level Annotations

Branches:
Dungeon (3/15)

Altars:
Zin

Annotations:
D:3 Inkie's ghost, amateur OpTm; bmj180's ghost, amateur HOFi


Message History

Inkie's ghost turns its malevolent gaze towards you.
You open the gate.
Your shield and scale mail prevent you from hitting Inkie's ghost.
You block Inkie's ghost's attack. Inkie's ghost hits you.
You block Inkie's ghost's attack. You block bmj180's ghost's attack.
Inkie's ghost hits you. Bmj180's ghost barely misses you.
You puncture bmj180's ghost! You burn bmj180's ghost.
Bmj180's ghost is moderately damaged.
Bmj180's ghost hits you.
You barely miss bmj180's ghost.
Bmj180's ghost is moderately damaged.
You block bmj180's ghost's attack. Bmj180's ghost hits you.
You hit bmj180's ghost. You burn bmj180's ghost.
Bmj180's ghost is moderately damaged.
Bmj180's ghost hits you but does no damage.
You hit bmj180's ghost but do no damage.
Bmj180's ghost is moderately damaged.
Bmj180's ghost says, "You must not succeed where I failed!"
Bmj180's ghost hits you.
You puncture bmj180's ghost! You burn bmj180's ghost.
Bmj180's ghost is severely damaged.
Bmj180's ghost hits you! x2
* * * LOW HITPOINT WARNING * * *
You barely miss bmj180's ghost.
Bmj180's ghost is severely damaged.
Bmj180's ghost screams, "You will join me soon!"
Bmj180's ghost hits you!
* * * LOW HITPOINT WARNING * * *
You hit bmj180's ghost. You burn bmj180's ghost.
Bmj180's ghost is almost destroyed.
Bmj180's ghost hits you.
* * * LOW HITPOINT WARNING * * *
Inkie's ghost shrieks, "To die, to sleep, no more."
You hit bmj180's ghost but do no damage.
Bmj180's ghost is almost destroyed.
Bmj180's ghost hits you but does no damage.
Bmj180's ghost hits you!
You die...

###### #.#.###
##.P⌠.####.....#
#8...(#.####.#.#
$....[#.# #.#.#
......'.## #.#.#
######⌠.....'..# #.#.#
#....#......'..# #...#
#.####......#..###...##
#.# #8....#.WW@.....#
#.# ##?P⌠.##.###...##
#.# ##### #.# #..##
#.##### #.###..#
......# ##...#.#
#.###.# ##.##.# #.# #.#
#.##†# #.# #.#
#######.##.# ..# #.#
#..........#


You could see Inkie's ghost and bmj180's ghost.

Vanquished Creatures
  An orc priest (D:3)
  Ijyb (D:3)
  Natasha (D:2)
  2 adders
  An ooze (D:2)
  A worm (D:3)
  A dart slug (D:3)
  3 leopard geckos
  8 orcs (D:3)
  A giant cockroach (D:3)
  11 hobgoblins
  2 jackals (D:2)
  2 quokkas
  3 bats (D:1)
  3 frilled lizards
  10 goblins
  3 kobolds
  5 rats
59 creatures vanquished.

Vanquished Creatures (others)
  4 withered plants (D:3)
4 creatures vanquished.

Grand Total: 63 creatures vanquished

Notes
Turn   | Place    | Note
-------+----------+-------------------------------------------
     0 | D:1      | racehazard the Hill Orc Fighter began the quest for the
                  | Orb.
     0 | D:1      | Reached XP level 1. HP: 19/19 MP: 1/1
   331 | D:1      | Reached XP level 2. HP: 27/27 MP: 2/2
   991 | D:2      | Reached XP level 3. HP: 21/33 MP: 3/3
  1278 | D:2      | Noticed Natasha
  1288 | D:2      | Killed Natasha
  1289 | D:2      | Reached XP level 4. HP: 19/40 MP: 4/4
  1638 | D:2      | Reached skill level 1 in Polearms
  1666 | D:2      | Found a glowing silver altar of Zin.
  1823 | D:3      | Noticed Ijyb
  1836 | D:3      | Reached XP level 5. HP: 33/46 MP: 5/5
  1949 | D:3      | Killed Ijyb
  2609 | D:3      | Found a runed translucent gate.
  2616 | D:3      | Found a runed translucent gate.
  2617 | D:3      | Found a runed translucent gate.
  2618 | D:3      | Noticed bmj180's ghost (amateur HOFi)
  2619 | D:3      | Noticed Inkie's ghost (amateur OpTm)
  2798 | D:3      | HP: 1/47 [bmj180's ghost (5)]
  2799 | D:3      | Mangled by bmj180's ghost

Illustrated notes

Levels and vault maps discovered:
D:1:      minmay_arrival_doors, layout_basic
D:2:      kennysheep_the_goblin_king, layout_loops_cross, lemuel_round_altar,
          wad_floor_pattern_untrapped, uniq_natasha
D:3:      layout_loops_ring, gammafunk_ghost_cemetery, uniq_ijyb

Skill      XL: |  1  2  3  4  5 |
---------------+----------------+-----
Axes           | 3 |  3.8
Fighting       | 4 |  4.3
Polearms       | 2 |  2.7
Armour         | 4 |  4.1
Shields        | 4 |  4.0
Dodging        | |  0.6

Action                   |  1- 3 |  4- 6 || total
-------------------------+-------+-------++-------
Melee: War axe           |    35 |       ||    35
       Trident           |    21 |   100 ||   121
Armor: Scale mail        |    27 |    40 ||    67
Dodge: Dodged            |    15 |    20 ||    35
Block: Kite shield       |    29 |    45 ||    74

Table legend: (Time is in decaauts)
 A = Elapsed time spent in this place.
 B = Non-inter-level travel time spent in this place.
 C = Inter-level travel time spent in this place.
 D = Time resting spent in this place.
 E = Time spent auto-exploring this place.
 F = Levels seen in this place.
 G = Mean time per level.
                   A        B        C        D        E       F      G
               +--------+--------+--------+--------+--------+-----+--------+
         Total |   2875 |   2875 |      0 |    439 |    819 |   3 |  958.3 |
       Dungeon |   2875 |   2875 |      0 |    439 |    819 |   3 |  958.3 |
               +--------+--------+--------+--------+--------+-----+--------+

Top non-repeatable levels by time:
     D:3: 1061 daAuts
     D:1: 942 daAuts
     D:2: 871 daAuts
